 Dungeon Crawl Stone Soup version 0.26.1-11-gd32895ea62 (webtiles) character file.

Game seed: 991529636906942538

1123 vvl the Slasher (level 8, -1/91 HPs)
             Began as a Human Berserker on June 4, 2021.
             Was a Believer of Trog.
             Slain by a water moccasin (3 damage)
             ... on level 7 of the Dungeon.
             The game lasted 00:09:46 (5735 turns).

vvl the Slasher (Human Berserker)                   Turns: 5735, Time: 00:09:46

Health: -1/91      AC:  8    Str: 20    XL:     8   Next: 61%
Magic:  8/8        EV:  8    Int:  8    God:    Trog [**....]
Gold:   193        SH: 14    Dex: 12    Spells: 7/7 levels left

rFire    . . .     SeeInvis .   a - +0 falchion
rCold    . . .     Faith    .   m - +0 tower shield
rNeg     . . .     Spirit   .   r - +0 ring mail
rPois    .         Reflect  .   s - +0 helmet
rElec    .         Harm     .   (no cloak)
rCorr    .         Rampage  .   e - +0 pair of gloves
Will     ++...                  (no boots)
Stlth    ..........             (no amulet)
HPRegen  1.25/turn              (no ring)
MPRegen  0.11/turn              (no ring)

@: berserking, lethally poisoned (-1 -> -1), regenerating, very quick
A: no striking features
a: Renounce Religion, Berserk, Trog's Hand


You were on level 7 of the Dungeon.
You worshipped Trog.
Trog was pleased with you.
You visited 1 branch of the dungeon, and saw 5 of its levels.

You collected 193 gold pieces.

Inventory:

Hand Weapons
 a - a +0 falchion (weapon)
 j - a +3 whip
Armour
 e - a +0 pair of gloves (worn)
 m - a +0 tower shield (worn)
 r - a +0 ring mail (worn)
 s - a +0 helmet (worn)
Jewellery
 p - an uncursed ring of ice
Wands
 o - a wand of polymorph (11)
Scrolls
 b - a scroll of fear {unknown}
 f - 3 scrolls of teleportation {unknown}
 g - 2 scrolls of identify {unknown}
 k - a scroll of remove curse {unknown}
 q - a scroll of enchant armour {unknown}
Potions
 c - 3 potions of berserk rage {unknown}
 d - a potion of cancellation {unknown}
 h - a potion of invisibility {unknown}
 i - a potion of curing {unknown}
 l - a potion of might {unknown}
 n - a potion of flight {unknown}


   Skills:
 + Level 4.4 Fighting
 * Level 5.8 Long Blades
 + Level 3.8 Armour
 + Level 3.9 Dodging
 * Level 4.1 Shields
 - Level 0.1 Spellcasting
 + Level 3.3 Evocations


You had 7 spell levels left.
You didn't know any spells.
Your spell library was empty.

Dungeon Overview and Level Annotations

Branches:
Dungeon (7/15)
 Temple: D:4-7

Altars:
Dithmenos
Elyvilon
Okawaru
Vehumet
Zin

Shops:
D:7 :


Message History

You closely miss the water moccasin.
The water moccasin is almost dead.
You feel sick. You block the water moccasin's attack.
The water moccasin barely misses you.
You riposte.
You barely miss the water moccasin.
The water moccasin is almost dead.
You hit the water moccasin.
The water moccasin is almost dead.
You feel sick. The water moccasin closely misses you.
You closely miss the water moccasin.
The water moccasin is almost dead.
You block the water moccasin's attack. The water moccasin bites you!
* * * LOW HITPOINT WARNING * * *
A red film seems to cover your vision as you go berserk!
You feel yourself moving faster!
You feel mighty!
You feel sick. You block the water moccasin's attack.
You barely miss the water moccasin.
The water moccasin is almost dead.
The water moccasin bites you.
You die...

..# .##
.#######
.......#
.......#
#####..####
#.....# #.###.#
########## #.#
#.# #.@S..?...
#.# #.#
#.######## ..#
#.# #.# #..#
#.# #.#
#..###.## #.#
#.......####.#
..............#
###[###########
#


You could see a water moccasin.

Vanquished Creatures
  Harold (D:7)
  Sigmund (D:4)
  A water moccasin (D:7)
  Natasha (D:4)
  2 worker ants (D:4)
  2 adders
  An ooze (D:2)
  An adder zombie (D:7)
  A worm (D:4)
  3 dart slugs
  3 leopard geckos (D:1)
  9 orcs (D:3)
  3 giant cockroaches
  6 goblins
  8 hobgoblins
  6 jackals
  12 kobolds
  2 quokkas
  2 ball pythons
  8 bats
  3 frilled lizards
  7 rats
83 creatures vanquished.

Notes
Turn   | Place    | Note
-------+----------+-------------------------------------------
     0 | D:1      | vvl the Human Berserker began the quest for the Orb.
     0 | D:1      | Reached XP level 1. HP: 18/18 MP: 1/1
   610 | D:1      | Reached XP level 2. HP: 24/24 MP: 2/2
   992 | D:1      | Reached XP level 3. HP: 24/29 MP: 3/3
  1232 | D:1      | Reached skill level 1 in Evocations
  1793 | D:2      | Reached ** piety under Trog
  1794 | D:2      | Found a white marble altar of Elyvilon.
  2165 | D:2      | Found a radiant altar of Vehumet.
  2282 | D:2      | Found a glowing silver altar of Zin.
  2324 | D:2      | Found a faded altar of an unknown god.
  2410 | D:2      | Reached XP level 4. HP: 35/35 MP: 4/4
  3740 | D:3      | Found a shadowy altar of Dithmenos.
  3790 | D:3      | Reached XP level 5. HP: 41/41 MP: 5/5
  4322 | D:4      | Found an iron altar of Okawaru.
  4333 | D:4      | Reached skill level 4 in Long Blades
  4333 | D:4      | Reached skill level 1 in Shields
  4943 | D:4      | Noticed Natasha
  4961 | D:4      | Killed Natasha
  5126 | D:4      | Noticed Sigmund
  5140 | D:4      | Killed Sigmund
  5141 | D:4      | Reached XP level 6. HP: 48/48 MP: 0/6
  5192 | D:4      | You fall into a shaft and drop 3 floors!
  5195 | D:7      | Found Tarhat's Book Boutique.
  5216 | D:7      | Noticed Harold
  5240 | D:7      | Killed Harold
  5241 | D:7      | Reached skill level 5 in Long Blades
  5241 | D:7      | Reached XP level 7. HP: 36/55 MP: 7/7
  5241 | D:7      | Reached XP level 8. HP: 40/61 MP: 8/8
  5733 | D:7      | HP: 1/61 [water moccasin (7)]
  5735 | D:7      | Slain by a water moccasin

Illustrated notes

Levels and vault maps discovered:
D:1:      shiori_arrival_maze, layout_loops_corners
D:2:      layout_loops_ring, zin_academy, elyvilon_altar_5, old_standard_altar,
          chequers_ecumenical_altar_island, chequers_big_river, minmay_tripent
D:3:      layout_basic, old_standard_altar
D:4:      layout_loops_corners, nicolae_overflow_crystal_walls,
          lemuel_zombie_altar_yredelemnul, uniq_sigmund, uniq_duvessa,
          uniq_natasha, uniq_edmund
D:7:      layout_loops_ring, minmay_temple_entry_glassed_door, serial_shops,
          nicolae_shop_window_shopping, nicolae_shop_stone, uniq_harold

Skill      XL: |  1  2  3  4  5  6 |
---------------+-------------------+-----
Evocations     | 1 2 3 |  3.3
Long Blades    | 4 5 |  5.8
Shields        | 2 4 |  4.1
Armour         | 3 |  3.8
Dodging        | 3 |  3.9
Fighting       | 4 |  4.4
Spellcasting   | |  0.1

Action                   |  1- 3 |  4- 6 |  7- 9 || total
-------------------------+-------+-------+-------++-------
Melee: Falchion          |   106 |   181 |    61 ||   348
Invok: Berserk           |     2 |     3 |     1 ||     6
       Trog's Hand       |       |     4 |     2 ||     6
 Stab: Sleeping          |     2 |       |       ||     2
Armor: Animal skin       |    32 |    23 |       ||    55
       Leather armour    |       |    10 |       ||    10
       Ring mail         |       |    17 |    13 ||    30
Dodge: Dodged            |    72 |    59 |    14 ||   145
Block: Tower shield      |       |    72 |    46 ||   118
       Rpst.: Falchion   |    31 |    15 |     2 ||    48
